 Dungeon Crawl Stone Soup version 0.17-a0-2171-ga91b4ec (webtiles) character file.

4905 inmateoo the Insei (level 10, -1/96 HPs)
             Began as a Demigod Transmuter on Oct 26, 2015.
             Slain by an orc priest
             ... wielding a +0 dagger
              (5 damage)
             ... on level 9 of the Dungeon.
             The game lasted 00:26:05 (12469 turns).

inmateoo the Insei (Demigod Transmuter)            Turns: 12469, Time: 00:26:05

Health: -1/96      AC:  7    Str: 13    XL:     10   Next: 6%
Magic:  21/22      EV: 14    Int: 21    God:
Gold:   551        SH:  0    Dex: 25    Spells: 4 memorised, 10 levels left

rFire  . . .     SeeInvis .       - Unarmed
rCold  + + +     Clarity  .     (armour currently unavailable)
rNeg   . . .     SustAt   +     (shield currently unavailable)
rPois  +         Gourm    .     (helmet currently unavailable)
rElec  +         Spirit   .     (cloak currently unavailable)
rCorr  +         Warding  .     (gloves currently unavailable)
rMut   .         Stasis   .     (boots currently unavailable)
MR     +....                    (no amulet)
Stlth  +++++.....               q - +3 ring of dexterity
                                i - ring of stealth

@: ice-form, resistant, slowed, very slow, somewhat resistant to hostile
enchantments, quite stealthy
A: (talons 0), thin skeletal structure 1, clever 1, high mp 1, sustain
attributes
a: End Transformation


You were on level 9 of the Dungeon.
You were not hungry.
You were a creature of crystalline ice.
You visited 1 branch of the dungeon, and saw 9 of its levels.

You collected 551 gold pieces.

Inventory:

Missiles
 a - 82 arrows
Armour
 b - a +1 robe (melded)
 k - the cursed -2 cloak of Totir (melded) {+Blink rN+}
   (You found it on level 4 of the Dungeon)

   It protects you from negative energy.
   It lets you blink.
   It has a curse placed upon it.
 v - a +0 pair of gloves (melded)
Jewellery
 i - a ring of stealth (left front paw)
 q - a +3 ring of dexterity (right front paw)
 r - an uncursed ring of stealth
Wands
 x - a wand of cold (5)
 y - a wand of digging (21)
Scrolls
 e - 5 scrolls of remove curse
 j - a scroll of magic mapping
 l - 4 scrolls of amnesia
 p - 2 scrolls of fog
Potions
 g - a potion of brilliance
 n - a potion of might {unknown}
 o - a potion of curing
 s - a potion of flight {unknown}
 u - a potion of cure mutation {unknown}
 w - a potion of poison {unknown}
Books
 c - a book of Changes

   Spells                             Type                      Level
   a - Beastly Appendage              Transmutation                1
   b - Sticks to Snakes               Transmutation                2
   c - Spider Form                    Transmutation/Poison         3
   d - Ice Form                       Ice/Transmutation            4
   e - Blade Hands                    Transmutation                5
Comestibles
 d - 7 bread rations
 f - 4 meat rations
 m - 5 beef jerkies
 t - a chunk of flesh


   Skills:
 + Level 4.7 Fighting
 + Level 4.7 Dodging
 + Level 4.2 Stealth
 + Level 6.6 Unarmed Combat
 + Level 5.6 Spellcasting
 + Level 6.1 Transmutations
 - Level 5.0 Ice Magic


You had 10 spell levels left.
You knew the following spells:

 Your Spells              Type           Power        Failure   Level  Hunger
a - Beastly Appendage     Trmt           ####..       1%          1    None
b - Sticks to Snakes      Trmt           ####......   1%          2    None
c - Spider Form           Trmt/Pois      ###.......   10%         3    ##.....
d - Ice Form              Ice/Trmt       ####....     12%         4    ####...


Dungeon Overview and Level Annotations

Branches:
Dungeon (9/15)             Temple (0/1) D:6
   Lair: D:8-11         Orc: D:9-12

Shops:
D:5 }


Innate Abilities, Weirdness & Mutations

You have an increased reservoir of magic (+10% MP).
Your attributes are resistant to harm.
((You have sharp toenails.))
You have a somewhat thin skeletal structure (Dex +2, Stealth).
Your mind is acute. (Int +2)


Message History

The giant frog skeleton barely misses you.
The orc misses you.
The orc priest calls down the wrath of Beogh upon you.
Something smites you!
* * * LOW HITPOINT WARNING * * *
The giant frog skeleton closely misses you.
Read which item? (? for menu, Esc to quit)
Okay, then.
Drink which item? (? for menu, Esc to quit)
It was a potion of resistance.
You feel protected.
The orc hits you from afar with a trident.
* * * LOW HITPOINT WARNING * * *
The giant frog skeleton hits you.
* * * LOW HITPOINT WARNING * * *
The orc priest misses you. The orc barely misses you.
The giant frog skeleton closely misses you.
The giant frog skeleton closely misses you.
The orc priest hits you with a dagger.
You die...

#...... #### #. #......
#..#####. #......
#........ .......
#####........
#......######............
#.....o..........<.......
+......)...).....(......#
#.....oo†).)..........###
#.....#ZY#####........#
#.... #..%...#........#
#... #......#........#
... #......#........# ..
#......#####+#..+ .
#........ #..# #.......##
#... #.......# . .


You could see an orc priest, 2 orcs and a giant frog skeleton.

Vanquished Creatures
  2 trolls (D:9)
  Prince Ribbit (D:6)
  A yak (D:9)
  A wasp (D:8)
  Duvessa (D:7)
  5 sky beasts
  5 centaurs
  A phantom (D:7)
  4 orc warriors
  2 ogres (D:7)
  2 big kobolds (D:9)
  Dowan (D:7)
  3 giant frogs
  A scorpion (D:4)
  11 wights (D:7)
  3 killer bees (D:7)
  A quasit (D:7)
  3 crimson imps
  A jelly (D:7)
  4 hounds
  4 orc priests
  2 iguanas
  5 worker ants
  A giant frog skeleton (D:5)
  7 orc wizards
  2 hound skeletons
  13 gnolls
  5 adders
  2 worms (D:2)
  31 orcs
  2 ball pythons (D:3)
  4 giant cockroaches
  13 goblins
  10 hobgoblins
  11 jackals
  21 kobolds
  11 bats
  6 giant geckos
  4 giant newts
  11 rats
218 creatures vanquished.

Vanquished Creatures (collateral kills)
  3 yaks (D:9)
  2 water moccasins
  A scorpion (D:5)
  A wight (D:7)
  A centaur zombie (D:5)
  An orc wizard (D:9)
  An adder (D:2)
  A shadow imp (D:5)
  A giant gecko (D:2)
  An orc (D:3)
  4 jackals (D:7)
  A bat (D:3)
  A goblin (D:2)
  A rat (D:2)
20 creatures vanquished.

Grand Total: 238 creatures vanquished

Notes
Turn   | Place    | Note
--------------------------------------------------------------
     0 | D:1      | inmateoo the Demigod Transmuter began the quest for the Orb.
     0 | D:1      | Reached XP level 1. HP: 15/15 MP: 5/5
    10 | D:1      | Found a glowing golden altar of the Shining One.
    45 | D:1      | Reached skill level 1 in Fighting
   195 | D:1      | Reached XP level 2. HP: 21/23 MP: 7/7
   467 | D:1      | Learned a level 2 spell: Sticks to Snakes
  1063 | D:2      | You fall through a shaft for 2 floors!
  1314 | D:2      | Reached XP level 3. HP: 26/28 MP: 6/8
  1712 | D:2      | Reached skill level 3 in Unarmed Combat
  2090 | D:2      | Found a stormy altar of Qazlal.
  2527 | D:3      | Reached XP level 4. HP: 11/35 MP: 7/10
  2546 | D:3      | Learned a level 3 spell: Spider Form
  3664 | D:3      | Noticed a sky beast
  3675 | D:3      | HP: 1/36 [sky beast (5)]
  4011 | D:3      | Killed a sky beast
  4011 | D:3      | Reached XP level 5. HP: 35/41 MP: 8/11
  4018 | D:3      | Gained mutation: You have a somewhat thin skeletal structure (Dex +2, Stealth). [mutagenic meat]
  4206 | D:4      | Got a slimy cloak
  4212 | D:4      | Identified the cursed -2 cloak of Totir {+Blink rN+} (You found it on level 4 of the Dungeon)
  4792 | D:4      | Reached skill level 4 in Unarmed Combat
  5073 | D:4      | Noticed a scorpion
  5100 | D:4      | Killed a scorpion
  5100 | D:4      | Reached XP level 6. HP: 17/49 MP: 6/13
  5476 | D:5      | Entered Level 5 of the Dungeon
  6231 | D:5      | Reached XP level 7. HP: 27/57 MP: 9/15
  6723 | D:5      | Reached skill level 5 in Unarmed Combat
  6754 | D:4      | Gained mutation: Your body sometimes deteriorates upon taking damage. [mutagenic meat]
  6756 | D:4      | Gained mutation: You have sharp toenails. [mutagenic meat]
  6758 | D:4      | Gained mutation: Your mind is acute. (Int +2) [mutagenic meat]
  6930 | D:5      | Found Ochum's Gadget Emporium.
  7128 | D:5      | Found an ancient bone altar of Kikubaaqudgha.
  7498 | D:6      | Noticed Prince Ribbit
  7529 | D:6      | Killed Prince Ribbit
  7684 | D:6      | Reached XP level 8. HP: 63/63 MP: 15/17
  7879 | D:6      | Found a staircase to the Ecumenical Temple.
  8193 | D:6      | Found a burning altar of Makhleb.
  8193 | D:6      | Noticed a cacodemon
  8589 | D:7      | Reached skill level 6 in Unarmed Combat
  8592 | D:7      | Noticed Dowan
  8595 | D:7      | Noticed Duvessa
  8613 | D:7      | Killed Duvessa
  8613 | D:7      | Killed Dowan
  8774 | D:6      | Learned a level 4 spell: Ice Form
  8998 | D:7      | Reached skill level 1 in Ice Magic
  9009 | D:7      | Reached skill level 1 in Stealth
  9463 | D:7      | Reached skill level 5 in Transmutations
  9815 | D:7      | Reached XP level 9. HP: 60/71 MP: 12/19
 10869 | D:8      | Reached skill level 5 in Spellcasting
 11083 | D:8      | Lost mutation: Your body sometimes deteriorates upon taking damage. [mutagenic meat]
 11308 | D:8      | Reached skill level 5 in Ice Magic
 12455 | D:9      | Reached XP level 10. HP: 32/80 MP: 18/22
 12468 | D:9      | HP: 4/96 [giant frog skeleton (3)]
 12469 | D:9      | Slain by an orc priest

Vault maps used:
D:1:      dpeg_arrival_tiny_c, interstate_on_off, tso_metal_star
D:2:      lemuel_coloured_pillars_altar, first_bread
D:3:      minmay_stone_trees_small
D:4:      serial_bayou_pond_e
D:5:      basic_altar, serial_shops,
          nicolae_shop_temple_entry_statues_fountains, eino_tiny_chamber,
          minmay_misc_feat_roman, minmay_misc_feat_square
D:6:      temple_green, minmay_misc_feat_diagonals, corexii_corridor_pit,
          makhleb_altar_promises_db, uniq_prince_ribbit1
D:7:      grunt_ogre_cave, uniq_duvessa
D:9:      minmay_goldmine

Action                   |  1- 3 |  4- 6 |  7- 9 | 10-12 || total
-------------------------+-------+-------+-------+-------++-------
Melee: Unarmed           |   188 |   167 |   470 |     6 ||   831
 Cast: Beastly Appendage |    17 |     4 |     8 |       ||    29
       Sticks to Snakes  |    10 |    21 |    40 |       ||    71
       Spider Form       |       |    12 |    29 |       ||    41
       Ice Form          |       |       |     5 |       ||     5
  Use: Scroll            |       |    12 |     5 |       ||    17
       Potion            |       |     3 |     3 |     1 ||     7
 Stab: Sleeping          |     8 |     5 |    13 |       ||    26
       Distracted        |       |     1 |     6 |       ||     7
  Eat: Chunk             |     5 |     7 |    20 |       ||    32
       Beef jerky        |       |     3 |     2 |       ||     5
       Pizza             |       |     1 |     1 |       ||     2
       Fruit             |       |     2 |     4 |       ||     6
       Meat ration       |       |       |     1 |       ||     1
